 Dungeon Crawl Stone Soup version 0.18.1-48-g4cf74bf (webtiles) character file.

11235 tyranidshit the Fighter (level 11, -3/104 HPs)
             Began as a Minotaur Berserker on July 15, 2016.
             Was a High Priest of Trog.
             Slain by an orange demon (10 damage)
             ... summoned by a deep elf mage
             ... on level 12 of the Dungeon.
             The game lasted 00:36:17 (6911 turns).

tyranidshit the Fighter (Minotaur Berserker)        Turns: 6911, Time: 00:36:25

Health: -3/104     AC: 18    Str: 24    XL:     11   Next: 46%
Magic:  17/17      EV:  3    Int:  4    God:    Trog [*****.]
Gold:   383        SH: 23    Dex: 11    Spells: 0 memorised, 10 levels left

rFire  . . .     SeeInvis .     D - +11 mace of Tuti Har {crush, rPois rC+ Stlth+}
rCold  + . .     Gourm    .     q - +0 plate armour
rNeg   . . .     Faith    .     B - +7 large shield of Honour {+Blink rPois}
rPois  +         Spirit   .     I - +0 hat
rElec  .         Dismiss  .     o - +2 cloak
rCorr  .         Reflect  .     h - +0 pair of gloves
SustAt .         Harm     .     s - +0 pair of boots
MR     ++...                    x - amulet of regeneration
Stlth  ..........               (no ring)
                                (no ring)

@: exhausted, regenerating, slowed, heavily drained, very slow, very resistant
to hostile enchantments, extremely unstealthy
A: retaliatory headbutt, horns 2
a: Berserk, Trog's Hand, Brothers in Arms, Burn Spellbooks, Renounce Religion,
Evoke Blink


You were on level 12 of the Dungeon.
You worshipped Trog.
Trog was extremely pleased with you.
You were not hungry.

You visited 1 branch of the dungeon, and saw 12 of its levels.

You collected 573 gold pieces.
You spent 190 gold pieces at shops.

Inventory:

Hand Weapons
 a - a +1 hand axe
 c - a +2 demon blade of venom
 k - a +0 club
 A - a +3 hand axe
 D - the +11 mace of Tuti Har (weapon) {crush, rPois rC+ Stlth+}
   (You found it on level 7 of the Dungeon)

   It inflicts extra damage upon your enemies.
   It protects you from cold.
   It protects you from poison.
   It makes you more stealthy.
Missiles
 v - 5 tomahawks of returning (quivered)
Armour
 h - a +0 pair of gloves (worn)
 o - a +2 cloak (worn)
 q - a +0 plate armour (worn)
 s - a +0 pair of boots (worn)
 B - the +7 large shield of Honour (worn) {+Blink rPois}
   (You bought it in a shop on level 6 of the Dungeon)

   It protects you from poison.
   It lets you blink.
 I - a +0 hat (worn)
Jewellery
 p - an uncursed ring of magical power
 x - an amulet of regeneration (around neck)
Wands
 b - a wand of iceblast (9/15)
 n - a wand of lightning (7/15)
 y - a wand of polymorph (8/24)
 G - a wand of disintegration (10/24)
 K - a wand of enslavement (14/24)
Scrolls
 e - a scroll of blinking {unknown}
 g - 16 scrolls of identify
 i - a scroll of amnesia
 t - 4 scrolls of remove curse
 z - a scroll of immolation
Potions
 d - 2 potions of resistance {unknown}
 f - 3 potions of heal wounds
 l - 8 potions of curing
 m - a potion of mutation
 r - 2 potions of ambrosia
 u - 2 potions of might
 w - 3 potions of cancellation
 E - a potion of degeneration {unknown}
 F - a potion of agility {unknown}
 J - a potion of brilliance {unknown}
 N - a potion of lignification {unknown}
Comestibles
 j - 7 beef jerkies
 C - 2 fruits
 H - 2 meat rations
 L - 9 royal jellies


   Skills:
 + Level 12.3(10.2) Fighting
 - Level 6.5(4.6) Axes
 + Level 7.3(5.5) Armour
 - Level 2.1(0.5) Dodging
 + Level 9.3(7.3) Shields
 - Level 10.0(8.0) Evocations


You had 10 spell levels left.
You didn't know any spells.

Dungeon Overview and Level Annotations

Branches:
Dungeon (12/15)            Temple (0/1) D:4            Lair (0/8) D:9
    Orc (0/2) D:12

Altars:
Cheibriados
Qazlal

Shops:
D:4 ?   D:6 [(([   D:10 *

Annotations:
D:4 exclusion: oklob sapling


Innate Abilities, Weirdness & Mutations

You reflexively headbutt those who attack you in melee.
You have a pair of horns on your head.


Message History

You block the redback's attack.
The jumping spider leaps!
You block the orange demon's attack. The orange demon hits you.
* * * LOW HITPOINT WARNING * * *
The redback bites you but does no damage.
You block the redback's attack.
The deep elf mage hits you but does no damage.
The redback bites you.
* * * LOW HITPOINT WARNING * * *
You block the orange demon's attack.
The orange demon hits you but does no damage.
The redback bites you!
* * * LOW HITPOINT WARNING * * *
You continue eating.
You feel the effects of Trog's Hand fading.
The redback bites you!
* * * LOW HITPOINT WARNING * * *
You block the redback's attack. x2
The deep elf mage hits you but does no damage.
You block the redback's attack. The orange demon stings you!
You die...

........##..#
...........##o}#
#.#..........§>#
#§.........#####
#..........#
#..........#
#..........#
#es4.......#
#####s@s.......#
........s.......#
#######.).......#
##(######## #)#
#)# #.# #)# #)#


You could see an orange demon, a deep elf mage, a jumping spider and 3 redbacks.

Vanquished Creatures
  The ghost of Ferkelamun the Cleaver, a novice MiFi of Okawaru (D:11)
  2 hill giants (D:12)
  Pikel (D:9)
  The ghost of tyranidshit the Fighter, a novice MiBe of Trog (D:4)
  A centaur zombie (D:12)
  A kobold demonologist (D:11)
  3 trolls
  Prince Ribbit (D:6)
  A wyvern (D:12)
  14 yaks
  A hippogriff (D:8)
  A hungry ghost (D:10)
  Grum (D:9)
  A warg (D:12)
  3 ice beasts
  4 sky beasts
  A wasp (D:9)
  4 orc warriors
  A phantom (D:6)
  4 wolves (D:9)
  4 ogres
  A crocodile (D:12)
  A big kobold (D:10)
  6 giant frogs
  3 scorpions
  12 wights
  3 howler monkeys (D:9)
  A giant frog zombie (D:11)
  A wasp zombie (D:9)
  4 crimson imps
  2 hounds
  A quasit (D:8)
  4 orc priests
  5 jellies
  10 orc wizards
  Jessica (D:2)
  Terence (D:2)
  4 iguanas
  Natasha (thrice) (D:3)
  7 worker ants
  A worker ant zombie (D:11)
  15 adders
  5 gnolls
  5 oozes (D:8)
  An adder zombie (D:9)
  2 adder skeletons
  4 dart slugs
  4 worms
  3 giant geckos
  38 orcs
  2 giant cockroaches (D:3)
  9 goblins
  5 hobgoblins
  11 jackals
  13 kobolds
  6 quokkas
  A ball python (D:4)
  2 bats
  A giant newt (D:4)
  5 rats
254 creatures vanquished.

Vanquished Creatures (others)
  A slave (D:9)
  A wight (D:9)
  A jelly (D:9)
  A shadow imp (D:9)
4 creatures vanquished.

Grand Total: 258 creatures vanquished

Notes
Turn   | Place    | Note
--------------------------------------------------------------
     0 | D:1      | tyranidshit the Minotaur Berserker began the quest for the Orb.
     0 | D:1      | Reached XP level 1. HP: 19/19 MP: 0/0
   193 | D:1      | Reached skill level 4 in Fighting
   217 | D:1      | Reached XP level 2. HP: 28/28 MP: 1/1
   323 | D:1      | Reached skill level 5 in Fighting
   528 | D:2      | Reached XP level 3. HP: 19/36 MP: 2/2
   650 | D:2      | Noticed Jessica
   658 | D:2      | Killed Jessica
   765 | D:2      | Noticed Terence
   777 | D:2      | Killed Terence
   777 | D:2      | Reached skill level 6 in Fighting
   777 | D:2      | Reached XP level 4. HP: 36/44 MP: 3/3
   788 | D:2      | Found a snail-covered altar of Cheibriados.
   882 | D:3      | Reached ** piety under Trog
  1006 | D:3      | Noticed Natasha
  1023 | D:3      | Killed Natasha
  1023 | D:3      | Reached skill level 7 in Fighting
  1023 | D:3      | Reached XP level 5. HP: 13/52 MP: 4/4
  1074 | D:3      | Noticed Natasha
  1082 | D:3      | Killed Natasha
  1123 | D:3      | Noticed Natasha
  1129 | D:3      | Killed Natasha
  1406 | D:3      | Reached skill level 8 in Fighting
  1617 | D:4      | Noticed tyranidshit's ghost (novice MiBe)
  1632 | D:4      | Reached XP level 6. HP: 46/61 MP: 5/5
  1636 | D:4      | Killed tyranidshit's ghost
  1636 | D:4      | Reached skill level 10 in Fighting
  1636 | D:4      | Reached XP level 7. HP: 27/72 MP: 6/6
  1731 | D:4      | Found Otrogig's Magic Scroll Emporium.
  1777 | D:4      | You fall through a shaft!
  1777 | D:5      | Entered Level 5 of the Dungeon
  2218 | D:5      | Reached *** piety under Trog
  2343 | D:4      | Found a staircase to the Ecumenical Temple.
  2358 | D:4      | Reached skill level 5 in Axes
  2673 | D:6      | Reached XP level 8. HP: 73/79 MP: 7/7
  2695 | D:6      | Found Paron's Antique Armour Emporium.
  2712 | D:6      | Reached skill level 5 in Armour
  3041 | D:6      | Bought a brightly glowing large shield for 190 gold pieces
  3046 | D:6      | Identified the +7 large shield of Honour {+Blink rPois} (You bought it in a shop on level 6 of the Dungeon)
  3124 | D:6      | Found Cule's Weapon Boutique.
  3261 | D:6      | Found Xouh's Armour Shoppe.
  3274 | D:6      | Reached skill level 5 in Shields
  3317 | D:6      | Found Nufreo's Antique Weapon Shoppe.
  3514 | D:6      | Noticed Prince Ribbit
  3532 | D:6      | Killed Prince Ribbit
  3532 | D:6      | Reached XP level 9. HP: 78/85 MP: 8/8
  3707 | D:7      | Reached **** piety under Trog
  3750 | D:7      | Got a crude mace
  3761 | D:7      | Identified the +11 mace of Tuti Har {crush, rPois rC+ Stlth+} (You found it on level 7 of the Dungeon)
  3789 | D:7      | Noticed a troll
  3795 | D:7      | Killed a troll
  4117 | D:8      | Reached skill level 1 in Evocations
  4689 | D:9      | Found a stormy altar of Qazlal.
  4779 | D:9      | Reached skill level 5 in Evocations
  4780 | D:9      | Noticed Pikel
  4799 | D:9      | Reached XP level 10. HP: 93/93 MP: 12/14
  4806 | D:9      | Killed Pikel
  4934 | D:9      | Noticed Grum
  4944 | D:9      | Killed Grum
  4944 | D:9      | Reached ***** piety under Trog
  5188 | D:9      | Found a staircase to the Lair.
  5349 | D:10     | Entered Level 10 of the Dungeon
  5498 | D:10     | Received a gift from Trog
  5628 | D:10     | Reached skill level 10 in Evocations
  5740 | D:10     | Found Qexzyq's General Store.
  6079 | D:11     | Noticed Ferkelamun's ghost (novice MiFi)
  6093 | D:11     | Killed Ferkelamun's ghost
  6093 | D:11     | Reached skill level 11 in Fighting
  6114 | D:11     | Reached XP level 11. HP: 102/102 MP: 17/17
  6773 | D:12     | Noticed a hill giant
  6781 | D:12     | Killed a hill giant
  6781 | D:12     | Reached skill level 12 in Fighting
  6801 | D:12     | Found a staircase to the Orcish Mines.
  6809 | D:12     | Noticed a deep elf mage
  6823 | D:12     | Noticed a hill giant
  6865 | D:12     | Killed a hill giant
  6911 | D:12     | Slain by an orange demon

Skill      XL: |  1  2  3  4  5  6  7  8  9 10 11 |
---------------+----------------------------------+-----
Fighting       | 4 5 6 7 8 10 11 12 | 12.3
Axes           | 5 6 |  6.5
Armour         | 4 5 7 |  7.3
Shields        | 7 8 9 |  9.3
Evocations     | 6 10 | 10.0
Dodging        | |  2.1

Action                   |  1- 3 |  4- 6 |  7- 9 | 10-12 || total
-------------------------+-------+-------+-------+-------++-------
Melee: Hand axe          |    54 |    66 |   216 |       ||   336
       Headbutt          |    10 |    13 |    55 |    58 ||   136
       Mace              |       |       |   106 |   301 ||   407
Invok: Berserk           |     1 |     2 |     1 |     3 ||     7
       Trog's Hand       |       |     1 |       |     2 ||     3
       Burn Spellbooks   |       |       |       |     2 ||     2
 Abil: Evoke Blink       |       |       |       |     7 ||     7
  Use: Scroll            |     2 |     1 |     8 |     3 ||    14
       Potion            |     2 |       |     1 |       ||     3
  Eat: Bread ration      |       |     1 |     3 |     2 ||     6
       Fruit             |       |       |       |     2 ||     2
       Royal jelly       |       |       |       |     1 ||     1
       Beef jerky        |       |       |       |     1 ||     1
Armor: Scale mail        |    19 |    11 |       |       ||    30
       Plate armour      |       |    15 |   155 |   120 ||   290
Dodge: Dodged            |    28 |    40 |    78 |    28 ||   174
Block: Large shield      |       |       |   195 |   423 ||   618
